Map: 카탈리스트 - 래더

Players

DnS

  • Race: Protoss Protoss
  • Spawn Location: 11:00

TRUE - Winner!

  • Race: Zerg Zerg
  • Spawn Location: 5:00

Event: WCS Valencia 2018

VOD

Have the link to the VOD?

Description

Time

  • Played on: July 12, 2018, 1:02 p.m.
  • Length: 11:56

All games in this series

Show
View Real Time Build Order
Export as new Build Order

DnS Protoss 

Build Orders: Archon Immortal, Zealot Archon, Dark Templar Rush 

Get SALT Encoding   

  12  0:00  Probe  
  13  0:12  Probe  
  14  0:20  Pylon  
  14  0:24  Probe  
  15  0:34  Probe  
  15  0:40  Gateway  
  15  0:42  Probe  
  16  0:48  Assimilator  
  17  0:52  Probe  
  18  1:05  Probe  
  19  1:17  Zealot, Probe  
  20  1:25  Gateway  
  20  1:26  Pylon  
  22  1:33  Cybernetics Core  
  22  1:36  Probe  
  23  1:43  Assimilator  
  23  1:48  Probe  
  23  1:51  Zealot  
  26  2:00  Probe  
  27  2:13  Adept  
  30  2:21  Pylon  
  30  2:23  Adept  
  31  2:45  Nexus  
  31  2:52  Probe  
  32  3:01  Probe  
  32  3:03  Warp Gate  
  33  3:07  Twilight Council  
  33  3:10  Probe  
  33  3:18  Probe  
  36  3:26  Probe  
  35  3:27  Robotics Facility  
  35  3:32  Pylon  
  36  3:34  Probe  
  37  3:45  Pylon  
  37  3:52  Dark Shrine  
  37  3:57  Probe  
  37  3:58  Probe  
  35  4:13  Probe  
  36  4:19  Probe  
  36  4:22  Pylon  
  36  4:23  Warp Prism  
  37  4:36  Probe  
  39  4:38  Probe  
  39  4:45  Probe  
  41  4:50  Probe  
  43  4:53  Probe  
  44  5:03  Probe  
  44  5:05  Probe  
  44  5:07  Dark Templar x2  
  48  5:11  Gateway  
  48  5:13  Gateway  
  50  5:15  Probe  
  50  5:17  Probe  
  52  5:26  Assimilator  
  52  5:27  Probe  
  53  5:29  Probe  
  54  5:35  Immortal  
  54  5:38  Assimilator  
  54  5:39  Probe  
  57  5:51  Dark Templar x2  
  57  5:55  Probe x2  
  63  6:09  Probe x2  
  63  6:10  Stargate  
  65  6:13  Archon  
  65  6:16  Stalker x2  
  69  6:19  Shield Battery  
  69  6:21  Pylon  
  69  6:27  Immortal  
  69  6:28  Pylon  
  73  6:43  Sentry, Dark Templar  
  77  6:47  Archon, Pylon  
  77  6:52  Zealot  
  77  6:53  Zealot, Phoenix  
  82  6:56  Probe  
  82  7:01  Charge  
  83  7:09  Nexus  
  83  7:16  Phoenix  
  83  7:25  Stargate  
  83  7:33  Phoenix  
  83  7:35  Probe x2  
  84  7:38  Immortal  
  90  7:50  Nexus  
  90  7:52  Phoenix  
  90  8:04  Probe x2  
  94  8:06  Pylon  
  94  8:14  Phoenix  
  94  8:18  Pylon  
  94  8:20  Probe  
  94  8:23  Phoenix  
  94  8:24  Pylon  
  96  8:32  Protoss Air Weapons Level 1  
  96  8:33  Phoenix  
  96  8:36  Phoenix  
  96  8:39  Probe, Phoenix  
  96  8:40  Zealot  
  101  8:46  Probe  
  104  8:52  Probe  
  104  8:54  Phoenix  
  105  8:58  Forge, Probe  
  108  9:03  Probe  
  108  9:04  Probe  
  110  9:10  Probe  
  110  9:15  Probe  
  110  9:16  Probe  
  113  9:17  Immortal  
  113  9:20  Assimilator  
  115  9:33  Probe x3  
  115  9:35  Protoss Ground Weapons Level 1, Assimilator  
  118  9:39  Templar Archives  
  118  9:45  Probe  
  119  9:52  Gateway  
  119  9:53  Gateway  
  119  9:56  Immortal  
  119  10:03  Phoenix  
  119  10:04  Phoenix  
  125  10:09  Shield Battery  
  125  10:10  Shield Battery  
  125  10:14  Sentry x3, Shield Battery  
  125  10:16  Sentry  
  125  10:18  Shield Battery  
  125  10:20  Shield Battery  
  133  10:23  Shield Battery  
  127  10:34  Pylon  
  127  10:35  Immortal  
  129  10:51  Zealot x2  
  133  11:02  Pylon, Phoenix x2  
  133  11:03  Pylon  
  129  11:05  Pylon  
  129  11:06  Pylon  
  129  11:08  Zealot x2  
  123  11:14  Immortal  
  115  11:21  Zealot  
  115  11:22  Zealot  
  109  11:27  Phoenix  
  101  11:32  Zealot x2  
  99  11:40  Gateway  
  99  11:44  Gateway, Zealot x2  
Show
View Real Time Build Order
Export as new Build Order

TRUE Zerg - Winner!

Build Orders: 3 Hatch before Pool, Swarm Host 

Get SALT Encoding   

  12  0:00  Drone  
  13  0:08  Drone  
  14  0:14  Extractor  
  14  0:15  Drone  
  15  0:21  Overlord  
  15  0:47  Hatchery  
  14  0:51  Drone  
  15  1:14  Hatchery  
  14  1:19  Drone  
  15  1:33  Spawning Pool  
  15  1:37  Drone  
  15  1:43  Drone  
  15  1:46  Drone  
  17  1:55  Overlord  
  17  2:03  Drone  
  17  2:04  Drone  
  19  2:20  Queen  
  19  2:21  Queen  
  23  2:25  Evolution Chamber  
  23  2:26  Drone x4  
  27  2:33  Zergling x4  
  30  2:42  Zergling x4  
  32  2:53  Zergling x4  
  32  2:56  Queen  
  36  3:03  Overlord  
  36  3:04  Drone  
  36  3:18  Overlord  
  36  3:21  Queen  
  36  3:22  Zergling x2  
  36  3:26  Zergling x4  
  41  3:33  Queen  
  41  3:34  Extractor  
  42  3:35  Zergling x4  
  44  3:46  Extractor  
  44  3:47  Drone x2  
  45  3:57  Drone x2  
  45  3:59  Drone  
  45  4:00  Drone x2  
  49  4:08  Drone x4  
  50  4:14  Drone  
  50  4:15  Extractor  
  50  4:19  Roach Warren, Drone  
  50  4:24  Lair  
  50  4:25  Drone  
  50  4:29  Overlord  
  51  4:31  Queen  
  51  4:32  Evolution Chamber  
  51  4:36  Overlord  
  52  4:39  Overlord  
  52  4:45  Overlord  
  52  4:49  Drone x3  
  55  4:53  Drone x2  
  55  4:59  Zerg Missile Weapons Level 1  
  57  5:02  Spore Crawler  
  57  5:05  Spore Crawler  
  55  5:08  Drone  
  55  5:09  Drone  
  55  5:10  Drone  
  55  5:13  Drone  
  59  5:24  Glial Reconstitution  
  59  5:29  Overseer, Infestation Pit  
  59  5:31  Drone  
  59  5:33  Drone x2  
  59  5:35  Roach x2  
  65  5:36  Roach  
  65  5:40  Drone x2  
  69  5:52  Roach x4  
  77  6:06  Drone x2  
  77  6:08  Extractor, Pneumatized Carapace, Hatchery  
  77  6:14  Roach x2  
  77  6:18  Drone x3  
  84  6:20  Overseer  
  84  6:22  Overlord  
  84  6:25  Overlord  
  84  6:31  Overlord  
  84  6:38  Overlord  
  84  6:39  Overlord  
  84  6:42  Swarm Host x2  
  84  6:45  Swarm Host  
  93  6:48  Swarm Host  
  93  6:51  Swarm Host  
  99  6:55  Swarm Host  
  99  6:58  Swarm Host  
  105  7:05  Overlord  
  105  7:13  Drone x4  
  105  7:14  Drone x4  
  113  7:20  Swarm Host x2  
  118  7:25  Overlord  
  118  7:32  Overlord  
  115  7:40  Overlord  
  115  7:42  Extractor  
  115  7:43  Swarm Host  
  115  7:44  Swarm Host x3  
  113  7:45  Extractor  
  113  7:46  Overlord  
  113  7:50  Roach  
  113  7:51  Roach  
  128  7:58  Drone x5  
  133  8:03  Drone x4  
  137  8:10  Hydralisk Den  
  137  8:11  Zerg Missile Weapons Level 2  
  136  8:17  Swarm Host  
  139  8:20  Swarm Host  
  139  8:24  Swarm Host  
  139  8:26  Drone x5  
  150  8:33  Spore Crawler, Queen  
  148  8:44  Grooved Spines, Overlord x3  
  148  8:46  Hydralisk  
  150  8:49  Hydralisk  
  150  8:52  Hydralisk  
  151  8:56  Hydralisk  
  151  8:59  Hydralisk  
  151  9:00  Hydralisk  
  157  9:03  Hydralisk  
  159  9:12  Hydralisk  
  159  9:14  Hydralisk  
  163  9:17  Hydralisk  
  163  9:21  Hydralisk  
  163  9:22  Hatchery  
  166  9:25  Hydralisk  
  166  9:26  Hydralisk  
  166  9:30  Hydralisk x2  
  162  9:39  Hydralisk x2  
  162  9:40  Hydralisk x2  
  162  9:43  Hydralisk  
  162  9:44  Hydralisk  
  174  9:46  Hydralisk  
  174  9:52  Overlord, Hydralisk  
  176  9:55  Overlord  
  176  9:59  Overlord  
  178  10:06  Overlord  
  172  10:09  Overlord  
  172  10:10  Overlord x2  
  172  10:26  Muscular Augments, Spire  
  171  10:28  Zergling x2  
  171  10:29  Zergling x20  
  171  10:30  Ravager x5  
  171  10:31  Ravager  
  171  10:32  Zergling x2  
  171  10:34  Zergling x2  
  171  10:35  Zergling x4  
  191  10:38  Zergling x4  
  191  10:41  Zergling x4  
  196  10:43  Zergling x2  
  196  10:45  Zergling x2  
  196  10:46  Zergling x4  
  196  10:48  Zergling x2  
  196  10:49  Zergling x2  
  200  10:50  Zergling x2  
  200  10:54  Zergling x2  
  200  10:56  Zergling x2  
  196  10:58  Zergling x4  
  196  11:01  Zergling x2  
  196  11:02  Zergling x4  
  196  11:03  Zergling x2  
  192  11:05  Zergling x2  
  192  11:07  Zergling x2  
  192  11:09  Zergling x2  
  192  11:10  Zergling x6  
  190  11:12  Zergling x2  
  187  11:23  Hydralisk x4  
  187  11:30  Hydralisk  
  187  11:31  Hydralisk  
Tags
 
Add a new tag
Caveats
  • Supply blocks, unpowered buildings, or Contaminate may cause inaccurate times.
  • Supply counts are checked every 10 seconds.